 Dungeon Crawl Stone Soup version 0.30.0-15-g856e2d3f33 (webtiles) character file.

Game seed: 6373375109135545035

14 SnakkuSnakku7 the Vexing (level 2, 0/24 HPs)
             Began as a Ghoul Hexslinger on May 20, 2023.
             Constricted to death by a ball python (1 damage)
             ... on level 1 of the Dungeon.
             The game lasted 00:00:55 (259 turns).

SnakkuSnakku7 the Vexing (Ghoul Hexslinger)          Turns: 259, Time: 00:00:55

Health: 0/24       AC:  2    Str: 13    XL:     2   Next: 41%
Magic:  2/2        EV:  9    Int:  8    God:
Gold:   17         SH:  0    Dex:  9    Spells: 2/3 levels left

rFire   . .          .
                       - Unarmed
rCold   + . .        (no shield)
rNeg    + + +        c - +0 robe
rPois   ∞            (no helmet)
rElec   .            (no cloak)
rCorr   .            (no gloves)
SInv    .            (no boots)
Will    .....        (no amulet)
Stlth   +            (no ring)
HPRegen 0.00/turn    (no ring)
MPRegen 0.08/turn

%: no passive effects
@: inhibited regen, constricted
A: claws 1, cold resistance 1, negative energy resistance 3, inhibited
regeneration, torment resistance 2, devour on kill
a: no special abilities


You were on level 1 of the Dungeon.
You visited 1 branch of the dungeon, and saw 1 of its levels.

You collected 17 gold pieces.

Inventory:

Hand Weapons
 a - a +1 sling
Armour
 c - a +0 robe (worn)
Scrolls
 b - a scroll of poison
 e - a scroll of amnesia {unknown}
 f - a scroll of teleportation {unknown}
Potions
 d - a potion of lignification {unknown}


   Skills:
 + Level 2.0 Fighting
 - Level 1.7 Ranged Weapons
 - Level 1.7 Dodging
 + Level 1.4 Unarmed Combat
 - Level 1.0 Spellcasting
 - Level 2.4 Hexes


You had 2 spell levels left.
You knew the following spells:

 Your Spells              Type           Power      Damage    Failure   Level
a - Slow                  Hex            16%        N/A       16%         1

Your spell library contained the following spells:

 Spells                   Type           Power      Damage    Failure   Level
 Inner Flame              Hex/Fire       2%         N/A       58%         3
 Portal Projectile        Hex/Tloc       4%         N/A       58%         3
 Cause Fear               Hex            2%         N/A       83%         4


Dungeon Overview and Level Annotations

Branches:
Dungeon (1/15)

Altars:


Innate Abilities, Weirdness & Mutations

You are immune to poison.
You have sharp fingernails.
Your flesh is cold resistant. (rC+)
You are immune to negative energy. (rN+++)
You do not regenerate when monsters are visible.
You are immune to unholy pain and torment.
You thrive by killing the living.


Message History

Found 2 poisoned darts.
The kobold shouts!
A kobold is nearby!
A kobold comes into view. It is wielding a +0 short sword.
A kobold and a goblin come into view.
The kobold is wielding a +2 dagger of protection.
The kobold shouts! x2; The goblin shouts!
You hear an angry hiss.
You scratch the kobold.
You kill the kobold!
A ball python comes into view.
Your Fighting skill increases to level 2!
The ball python hisses angrily.
The kobold throws a stone.
The stone barely misses you.
You see here a +0 whip.
The kobold barely misses you.
The kobold throws a stone.
The stone closely misses you.
You see here a +0 whip.
The goblin attacks as you move away! The goblin barely misses you.
You barely miss the kobold. You completely miss the kobold.
The kobold hits you with a +2 dagger of protection.
You scratch the kobold.
The kobold is heavily wounded.
The kobold hits you with a +2 dagger of protection.
You closely miss the kobold.
The kobold is heavily wounded.
The ball python barely misses you. The ball python grabs you.
The ball python constricts you.
The kobold hits you with a +2 dagger of protection.
* * * LOW HITPOINT WARNING * * *
The ball python barely misses you. The ball python constricts you.
* * * LOW HITPOINT WARNING * * *
You scratch the kobold.
The kobold is severely wounded.
The kobold hits you with a +2 dagger of protection.
* * * LOW HITPOINT WARNING * * *
The ball python bites you.
* * * LOW HITPOINT WARNING * * *
The ball python constricts you.
You die...

..#..##...........###......
#..#.....########.....#..##
#..[###.# ######..†.).....
###.###.###.......#†#####.
#.......#.........# #.
#................## ##
#................#######
#.....S##........#......
#......@Kg..............
#......##K?.....##......
#...######...............
#..## #..).............
...# #................ ..##
#....(.......#.## .#
#.........## #.##
...........## #...
##..........##.####


You could see a goblin, a ball python and 2 kobolds.

Vanquished Creatures
  An endoplasm (D:1)
  A goblin (D:1)
  3 jackals (D:1)
  A kobold (D:1)
  A quokka (D:1)
  3 ball pythons (D:1)
  2 rats (D:1)
12 creatures vanquished.

Notes
Turn   | Place    | Note
-------+----------+-------------------------------------------
     0 | D:1      | SnakkuSnakku7 the Ghoul Hexslinger began the quest for the
                  | Orb.
     0 | D:1      | Reached XP level 1. HP: 16/16 MP: 1/1
   185 | D:1      | Reached skill level 1 in Unarmed Combat
   185 | D:1      | Reached XP level 2. HP: 11/24 MP: 2/2
   259 | D:1      | HP: 1/24 [ball python (3)]
   259 | D:1      | Constricted to death by a ball python

Illustrated notes

Levels and vault maps discovered:
D:1:      dpeg_arrival_signposts, layout_rooms

Skill      XL: |  1  2 |
---------------+-------+-----
Unarmed Combat | 1 |  1.4
Fighting       | 2 |  2.0
Ranged Weapons | |  1.7
Dodging        | |  1.7
Spellcasting   | |  1.0
Hexes          | |  2.4

Action                     || total
---------------------------++-------
  Melee: Unarmed           ||    33
   Fire: Sling             ||    22
 Armour: Robe              ||    13
  Dodge: Dodged            ||    37
